 Dungeon Crawl Stone Soup version 0.30-a0-3-gc9032a9cac (webtiles) character file.

Game seed: 15398603499196622303

82 BritishOli the Trooper (level 4, -1/36 HPs)
             Began as a Demonspawn Fighter on Aug 20, 2022.
             Slain by a centaur
             ... wielding a +0 hand axe
              (4 damage)
             ... on level 3 of the Dungeon.
             The game lasted 00:01:12 (2377 turns).

BritishOli the Trooper (Demonspawn Fighter)         Turns: 2377, Time: 00:01:12

Health: -1/36      AC:  8    Str: 19    XL:     4   Next: 21%
Magic:  4/4        EV:  9    Int:  9    God:
Gold:   149        SH:  4    Dex: 12    Spells: 3/3 levels left

rFire   . . .      SeeInvis .    a - +0 long sword
rCold   . . .      Faith    .    c - +0 buckler
rNeg    . . .      Spirit   .    b - +0 scale mail
rPois   .          Reflect  .    (helmet restricted)
rElec   .          Harm     .    (no cloak)
rCorr   .          Rampage  .    (no gloves)
Will    .....                    (no boots)
Stlth   ..........               (no amulet)
HPRegen 0.12/turn                (no ring)
MPRegen 0.09/turn                (no ring)

@: no status effects
A: horns 1, sharp scales 2
a: no special abilities


You were on level 3 of the Dungeon.
You visited 1 branch of the dungeon, and saw 3 of its levels.

You collected 149 gold pieces.

Inventory:

Hand Weapons
 a - a +0 long sword (weapon)
Armour
 b - a +0 scale mail (worn)
 c - a +0 buckler (worn)
Jewellery
 e - a ring of ice
 q - an amulet of the acrobat
Scrolls
 f - 2 scrolls of magic mapping {unknown}
 i - 3 scrolls of poison {unknown}
 j - a scroll of silence {unknown}
 k - 4 scrolls of identify {unknown}
 m - a scroll of noise {unknown}
 p - 2 scrolls of teleportation {unknown}
 s - 2 scrolls of immolation {unknown}
Potions
 d - a potion of might
 g - a potion of invisibility {unknown}
 h - a potion of heal wounds {unknown}
 l - 2 potions of haste {unknown}
 n - a potion of flight {unknown}
 o - a potion of curing {unknown}
 r - a potion of lignification {unknown}


   Skills:
 + Level 3.6 Fighting
 + Level 2.5 Long Blades
 + Level 3.3 Armour
 + Level 3.2 Shields


You had 3 spell levels left.
You didn't know any spells.
Your spell library contained the following spells:

 Spells                   Type           Power      Damage    Failure   Level
 Slow                     Hex            0%         N/A       85%         1
 Confusing Touch          Hex            0%         N/A       99%         3
 Vampiric Draining        Necr           0%         2d6       99%         3


Dungeon Overview and Level Annotations

Branches:
Dungeon (3/15)

Altars:
Fedhas


Innate Abilities, Weirdness & Mutations

You have a pair of small horns on your head.
You are mostly covered in razor-sharp scales. (AC +2, Slay +2)


Message History

You block the rat's attack.
A rat is nearby!
You hit the rat.
You kill the rat!
You see here a rat corpse.
Found a stone staircase leading up.
No target in view!
An adder comes into view.
Found a stone staircase leading up.
The adder hisses angrily.
The adder closely misses you.
An adder is nearby!
An adder is nearby!
You slash the adder! You headbutt the adder.
You kill the adder!
A centaur comes into view. It is wielding a +0 hand axe.
The centaur shouts!
A goblin comes into view. It is wielding a +0 club.
The centaur drinks a potion.
The centaur goes berserk!
There are monsters nearby!
The centaur hits you but does no damage.
The centaur closely misses you. You block the centaur's attack.
The centaur misses you.
There are monsters nearby!
You barely miss the centaur. You headbutt the centaur.
The centaur is lightly wounded.
The centaur closely misses you.
The centaur kicks you but does no damage.
The centaur hits you with a +0 hand axe!
The centaur closely misses you. You block the centaur's attack.
The centaur barely misses you. The centaur attacks as you move away!
The centaur hits you with a +0 hand axe!
The centaur closely misses you. x2; The centaur barely misses you.
The centaur closely misses you.
The centaur kicks you but does no damage.
The centaur hits you with a +0 hand axe!
* * * LOW HITPOINT WARNING * * *
The centaur kicks you.
You die...

#. .. . #. .#.#
#.##.#.#
..###......
.........####.#
#g.....<#
#.####..# #c#
...# .....#@#
...# ....
#.####..# ...
#.....<.# ...
#..†....# #.#
#####.#.# #.#
#.#..# #
#.#####.###.##
##.####
#......## ##.#
.....#
##.####..###..#


You could see a centaur (berserk) and a goblin.

Vanquished Creatures
  3 adders
  2 worms (D:2)
  4 dart slugs
  3 ball pythons
  An endoplasm (D:2)
  6 goblins
  3 hobgoblins
  2 quokkas (D:1)
  4 bats
  5 frilled lizards
  2 kobolds
  9 rats
44 creatures vanquished.

Notes
Turn   | Place    | Note
-------+----------+-------------------------------------------
     0 | D:1      | BritishOli the Demonspawn Fighter began the quest for the
                  | Orb.
     0 | D:1      | Reached XP level 1. HP: 18/18 MP: 1/1
   290 | D:1      | Gained mutation: You are partially covered in razor-sharp
                  | scales. (AC +1, Slay +1) [demonic ancestry]
   290 | D:1      | Reached XP level 2. HP: 22/24 MP: 2/2
  1003 | D:2      | Found a faded altar of an unknown god.
  1016 | D:2      | Gained mutation: You are mostly covered in razor-sharp
                  | scales. (AC +2, Slay +2) [demonic ancestry]
  1016 | D:2      | Reached XP level 3. HP: 29/29 MP: 3/3
  1191 | D:2      | Found a blossoming altar of Fedhas.
  2230 | D:3      | Gained mutation: You have a pair of small horns on your
                  | head. [demonic ancestry]
  2230 | D:3      | Reached XP level 4. HP: 35/35 MP: 4/4
  2371 | D:3      | Noticed a centaur
  2377 | D:3      | Slain by a centaur

Illustrated notes

Levels and vault maps discovered:
D:1:      dpeg_arrival_long_road, layout_basic
D:2:      layout_loops_ring, basic_altar, dreamdust_ecumenical_altar_statues,
          minmay_heptomino_o4
D:3:      layout_loops_cross, hangedman_glass_garden, uniq_ijyb

Skill      XL: |  1  2 |
---------------+-------+-----
Long Blades    | 2 |  2.5
Armour         | 3 |  3.3
Shields        | 3 |  3.2
Fighting       | |  3.6

Action                   |  1- 3 |  4- 6 || total
-------------------------+-------+-------++-------
Melee: Long sword        |   123 |    14 ||   137
       Headbutt          |       |     3 ||     3
Armor: Scale mail        |    65 |    10 ||    75
Dodge: Dodged            |    53 |    15 ||    68
Block: Buckler           |    17 |     4 ||    21

Table legend: (Time is in decaauts)
 A = Elapsed time spent in this place.
 B = Non-inter-level travel time spent in this place.
 C = Inter-level travel time spent in this place.
 D = Time resting spent in this place.
 E = Time spent auto-exploring this place.
 F = Levels seen in this place.
 G = Mean time per level.
                   A        B        C        D        E       F      G
               +--------+--------+--------+--------+--------+-----+--------+
         Total |   2422 |   2377 |     45 |    272 |   1749 |   3 |  807.3 |
       Dungeon |   2422 |   2377 |     45 |    272 |   1749 |   3 |  807.3 |
               +--------+--------+--------+--------+--------+-----+--------+

Top non-repeatable levels by time:
     D:2: 1055 daAuts
     D:1: 1013 daAuts
     D:3: 354 daAuts
